SL
TENNESSEE SMOKIES @ CHATTANOOGA LOOKOUTS
07/27/2099
 
TOP OF THE 1ST
Tennessee Smokies batting - Pitching for Chattanooga Lookouts : RHP Yves Marot
Pitching: RHP Yves Marot
Batting: LHB Danny Thompson 0-0: Foul Ball, location: 5DF
0-1: SINGLE (Line Drive, 6M, EV 99.4 MPH)
Batting: LHB Jim Norris 0-0: Ball
1-0: Ball
Danny Thompson steals 2nd base
2-0: SINGLE (Line Drive, 8RS, EV 89.4 MPH)
Danny Thompson to third
Batting: RHB Phil Robbins 0-0: Foul Ball, location: 2F
0-1: Ball
1-1: Ball
2-1: Called Strike
2-2: Fly out, F7 (Line Drive, 78M, EV 100.0 MPH)
Runner from 3rd tags up, SCORES, throw by LF
Batting: LHB Mike Finlayson 0-0: Ball
1-0: Ball
2-0: Ball
3-0: Called Strike
3-1: Called Strike
3-2: Foul Ball, location: 2F
3-2: Foul Ball, location: 3F
3-2: Base on Balls
Jim Norris to second
Batting: RHB Mike Schickling 0-0: Called Strike
0-1: Ball
1-1: Fly out, F2 (Popup, 5SF, EV 78.8 MPH)
Pitching: RHP Brian Leerssen
Batting: LHB Mike Carlson 0-0: Ball
1-0: Fielders Choice at 2nd, U4 (Groundball, 4M, EV 106.9 MPH)
Top of the 1st over - 1 run, 2 hits, 0 errors, 2 left on base; Tennessee 1 - Chattanooga 0
BOTTOM OF THE 1ST
Chattanooga Lookouts batting - Pitching for Tennessee Smokies : RHP Brandon Banks
Pitching: RHP Brandon Banks
Batting: SHB Emanuel Sanchez 0-0: SINGLE (Groundball, 4MD, EV 97.5 MPH)
Batting: SHB Michael Griffith 0-0: Called Strike
0-1: Ball
Emanuel Sanchez steals 2nd base
1-1: Ball
2-1: SINGLE (Groundball, 56D, EV 100.6 MPH)
Emanuel Sanchez to third
Runner from 3rd tries for Home, SAFE, throw by LF to home
Batting: LHB Fernando Torres 0-0: Called Strike
0-1: Called Strike
Michael Griffith steals 2nd base
0-2: Foul Ball, location: 2F
0-2: Ball
1-2: Ball
2-2: Ground out 4-3 (Groundball, 4, EV 78.8 MPH)
Michael Griffith to third
Batting: RHB Josh Biehl 0-0: Ball
1-0: Swinging Strike
1-1: Swinging Strike
1-2: Strikes out swinging
Batting: RHB Tony Sanchez 0-0: Swinging Strike
0-1: Ball
1-1: Called Strike
1-2: Ball
2-2: Foul Ball, location: 2F
2-2: Strikes out swinging
Bottom of the 1st over - 1 run, 2 hits, 0 errors, 1 left on base; Tennessee 1 - Chattanooga 1
TOP OF THE 2ND
Tennessee Smokies batting - Pitching for Chattanooga Lookouts : RHP Brian Leerssen
Batting: RHB Jake Hendrickson 0-0: Hit by Pitch
Batting: RHB Josh Sanford 0-0: Called Strike
0-1: Ball
Wild Pitch!
Jake Hendrickson to second
1-1: Ball
2-1: Ball
3-1: Foul Ball, location: 3F
3-2: Fly out, F5 (Line Drive, 5, EV 71.9 MPH)
Batting: SHB Jim Unknown 0-0: Foul Ball, location: 9LDF
0-1: Ball
1-1: Swinging Strike
1-2: Strikes out swinging
Batting: LHB Danny Thompson 0-0: Foul Ball, location: 2LF
0-1: Ground out 1-3 (Groundball, 13S, EV 62.5 MPH)
Top of the 2nd over - 0 runs, 0 hits, 0 errors, 1 left on base; Tennessee 1 - Chattanooga 1
BOTTOM OF THE 2ND
Chattanooga Lookouts batting - Pitching for Tennessee Smokies : RHP Brandon Banks
Batting: LHB Bobby Felton 0-0: Ball
1-0: Ball
2-0: Called Strike
2-1: Ball
3-1: Called Strike
3-2: Strikes out swinging
Batting: RHB Gene Homann 0-0: Called Strike
0-1: Foul Ball, location: 7LMF
0-2: Strikes out swinging
Batting: RHB Juan Vargas 0-0: Ball
1-0: Foul Ball, location: 5DF
1-1: Foul Ball, location: 9LSF
1-2: Strikes out swinging
Bottom of the 2nd over - 0 runs, 0 hits, 0 errors, 0 left on base; Tennessee 1 - Chattanooga 1
TOP OF THE 3RD
Tennessee Smokies batting - Pitching for Chattanooga Lookouts : RHP Brian Leerssen
Batting: LHB Jim Norris 0-0: Ball
1-0: Called Strike
1-1: Ball
2-1: Called Strike
2-2: Foul Ball, location: 5DF
2-2: DOUBLE (Line Drive, 78D, EV 96.3 MPH)
Pitching: RHP Connie Hicks
Batting: RHB Phil Robbins 0-0: Swinging Strike
0-1: Called Strike
0-2: Fly out, F8 (Line Drive, 8RS, EV 90.6 MPH)
Batting: LHB Mike Finlayson 0-0: Called Strike
0-1: Ball
1-1: SINGLE (Line Drive, 34, EV 103.1 MPH)
Jim Norris to third
Batting: RHB Mike Schickling 0-0: Foul Ball, location: 23F
0-1: Ball
1-1: Ball
2-1: Grounds into double play, 4-6-3 (Groundball, 4MD, EV 97.5 MPH)
Top of the 3rd over - 0 runs, 2 hits, 0 errors, 1 left on base; Tennessee 1 - Chattanooga 1
BOTTOM OF THE 3RD
Chattanooga Lookouts batting - Pitching for Tennessee Smokies : RHP Brandon Banks
Batting: RHB Matt Ortega 0-0: Called Strike
0-1: Foul Ball, location: 5F
0-2: Strikes out swinging
Batting: SHB Emanuel Sanchez 0-0: Fly out, F8 (Line Drive, 8RD, EV 88.1 MPH)
Batting: SHB Michael Griffith 0-0: Fly out, F4 (Popup, 13S, EV 87.5 MPH)
Bottom of the 3rd over - 0 runs, 0 hits, 0 errors, 0 left on base; Tennessee 1 - Chattanooga 1
TOP OF THE 4TH
Tennessee Smokies batting - Pitching for Chattanooga Lookouts : RHP Connie Hicks
Batting: LHB Mike Carlson 0-0: Ball
1-0: Called Strike
1-1: Ground out 5-3 (Groundball, 56S, EV 86.9 MPH)
Batting: RHB Jake Hendrickson 0-0: Ball
1-0: Ball
2-0: Ball
3-0: Called Strike
3-1: Called Strike
3-2: Fly out, F9 (Line Drive, 89M, EV 95.0 MPH)
Batting: RHB Josh Sanford 0-0: Ground out 1-3 (Groundball, P, EV 61.3 MPH)
Top of the 4th over - 0 runs, 0 hits, 0 errors, 0 left on base; Tennessee 1 - Chattanooga 1
BOTTOM OF THE 4TH
Chattanooga Lookouts batting - Pitching for Tennessee Smokies : RHP Brandon Banks
Batting: LHB Fernando Torres 0-0: Called Strike
0-1: Ball
1-1: Ball
2-1: Ball
3-1: Base on Balls
Batting: RHB Josh Biehl 0-0: Ball
1-0: Fly out, F9 (Line Drive, 9S, EV 86.9 MPH)
Batting: RHB Tony Sanchez 0-0: Swinging Strike
0-1: Swinging Strike
0-2: Ball
1-2: Strikes out swinging
Batting: LHB Bobby Felton 0-0: Ball
1-0: Ball
2-0: Fielders Choice at 2nd, U6 (Groundball, 6M, EV 82.5 MPH)
Bottom of the 4th over - 0 runs, 0 hits, 0 errors, 1 left on base; Tennessee 1 - Chattanooga 1
TOP OF THE 5TH
Tennessee Smokies batting - Pitching for Chattanooga Lookouts : RHP Connie Hicks
Pitching: RHP Bobby Marin
Batting: SHB Jim Unknown 0-0: Fly out, F9 (Line Drive, 9S, EV 108.8 MPH)
Batting: LHB Danny Thompson 0-0: Fly out, F8 (Flyball, 8RXD, EV 101.9 MPH)
Batting: LHB Jim Norris 0-0: Called Strike
0-1: Swinging Strike
0-2: Ball
1-2: Ball
2-2: Foul Ball, location: 2F
2-2: Foul Ball, location: 7LSF
2-2: Ball
3-2: SINGLE (Groundball, 6MD, EV 95.6 MPH)
Batting: RHB Phil Robbins 0-0: Fly out, F8 (Flyball, 8LD, EV 109.4 MPH)
Top of the 5th over - 0 runs, 1 hit, 0 errors, 1 left on base; Tennessee 1 - Chattanooga 1
BOTTOM OF THE 5TH
Chattanooga Lookouts batting - Pitching for Tennessee Smokies : RHP Brandon Banks
Batting: RHB Gene Homann 0-0: Swinging Strike
0-1: Ground out 5-3 (Groundball, 56S, EV 66.9 MPH)
Batting: RHB Juan Vargas 0-0: Foul Ball, location: 3SF
0-1: Ball
1-1: Ball
2-1: Fly out, F5 (Popup, 5SF, EV 80.0 MPH)
Batting: RHB Matt Ortega 0-0: Foul Ball, location: 2F
0-1: Ball
1-1: Ground out 5-3 (Groundball, 56S, EV 68.8 MPH)
Bottom of the 5th over - 0 runs, 0 hits, 0 errors, 0 left on base; Tennessee 1 - Chattanooga 1
TOP OF THE 6TH
Tennessee Smokies batting - Pitching for Chattanooga Lookouts : RHP Bobby Marin
Batting: LHB Mike Finlayson 0-0: Called Strike
0-1: Ball
1-1: Foul Ball, location: 2F
1-2: Strikes out swinging
Batting: RHB Mike Schickling 0-0: Called Strike
0-1: Ball
1-1: Ball
2-1: SINGLE (Line Drive, 9S, EV 85.6 MPH)
Pitching: RHP Butch Reilly
Batting: LHB Mike Carlson 0-0: Fly out, F8 (Flyball, 8RM, EV 85.6 MPH)
Batting: RHB Jake Hendrickson 0-0: Called Strike
0-1: Called Strike
0-2: Ball
1-2: SINGLE (Line Drive, 8LS, EV 85.6 MPH)
Mike Schickling to second
Batting: RHB Josh Sanford 0-0: SINGLE (Groundball, 6MD, EV 96.3 MPH)
Mike Schickling to third
Jake Hendrickson to second
Runner from 3rd tries for Home, SAFE, throw by CF to home
Batting: SHB Jim Unknown 0-0: Foul Ball, location: 2F
0-1: Swinging Strike
0-2: Strikes out swinging
Top of the 6th over - 1 run, 3 hits, 0 errors, 2 left on base; Tennessee 2 - Chattanooga 1
BOTTOM OF THE 6TH
Chattanooga Lookouts batting - Pitching for Tennessee Smokies : RHP Brandon Banks
Batting: SHB Emanuel Sanchez 0-0: Called Strike
0-1: Ground out 6-3 (Groundball, 6, EV 87.5 MPH)
Batting: SHB Michael Griffith 0-0: Ball
1-0: Ground out 6-3 (Groundball, 6, EV 106.3 MPH)
Batting: LHB Fernando Torres 0-0: Ball
1-0: Ball
2-0: Ball
3-0: Called Strike
3-1: Swinging Strike
3-2: Strikes out swinging
Bottom of the 6th over - 0 runs, 0 hits, 0 errors, 0 left on base; Tennessee 2 - Chattanooga 1
TOP OF THE 7TH
Tennessee Smokies batting - Pitching for Chattanooga Lookouts : RHP Butch Reilly
Batting: LHB Danny Thompson 0-0: Ball
1-0: Ball
2-0: Ground out 2-3 (Groundball, 2R, EV 65.0 MPH)
Batting: LHB Jim Norris 0-0: Ball
1-0: Called Strike
1-1: Foul Ball, location: 2F
1-2: Ball
2-2: Foul Ball, location: 5SF
2-2: Ball
3-2: Fly out, F7 (Flyball, 7S, EV 78.1 MPH)
Batting: RHB Phil Robbins 0-0: Called Strike
0-1: Ball
1-1: Ball
2-1: Called Strike
2-2: Ball
3-2: Foul Ball, location: 3F
3-2: Ground out 6-3 (Groundball, 6, EV 87.5 MPH)
Top of the 7th over - 0 runs, 0 hits, 0 errors, 0 left on base; Tennessee 2 - Chattanooga 1
BOTTOM OF THE 7TH
Chattanooga Lookouts batting - Pitching for Tennessee Smokies : RHP Brandon Banks
Batting: RHB Josh Biehl 0-0: Ball
1-0: Ball
2-0: Called Strike
2-1: Swinging Strike
2-2: Foul Ball, location: 9LMF
2-2: SOLO HOME RUN (Flyball, 9D, EV 99.4 MPH), Distance : 383 ft
Batting: RHB Tony Sanchez 0-0: Ball
1-0: Ball
2-0: Called Strike
2-1: Ball
3-1: Called Strike
3-2: Base on Balls
Batting: LHB Bobby Felton 0-0: Ball
1-0: Ball
2-0: Called Strike
2-1: Fly out, F8 (Flyball, 8LD, EV 92.5 MPH)
Batting: RHB Gene Homann 0-0: Called Strike
0-1: Ball
1-1: Foul Ball, location: 2F
1-2: Ball
2-2: Ball
3-2: Strikes out swinging
Batting: RHB Juan Vargas 0-0: Ground out 5-3 (Groundball, 56, EV 108.1 MPH)
Bottom of the 7th over - 1 run, 1 hit, 0 errors, 1 left on base; Tennessee 2 - Chattanooga 2
TOP OF THE 8TH
Tennessee Smokies batting - Pitching for Chattanooga Lookouts : RHP Butch Reilly
Pitching: RHP Joe Housewright
Batting: LHB Mike Finlayson 0-0: Ball
1-0: Ball
2-0: Swinging Strike
2-1: Foul Ball, location: 2F
2-2: Foul Ball, location: 2F
2-2: SOLO HOME RUN (Flyball, 89XD, EV 103.8 MPH), Distance : 401 ft
Batting: RHB Mike Schickling 0-0: Ball
1-0: Fly out, F8 (Flyball, 89M, EV 93.8 MPH)
Batting: LHB Mike Carlson 0-0: Called Strike
0-1: Ball
1-1: Ball
2-1: Foul Ball, location: 25F
2-2: Strikes out swinging
Batting: RHB Jake Hendrickson 0-0: Swinging Strike
0-1: Ball
1-1: Ball
2-1: Foul Ball, location: 2F
2-2: Strikes out swinging
Top of the 8th over - 1 run, 1 hit, 0 errors, 0 left on base; Tennessee 3 - Chattanooga 2
BOTTOM OF THE 8TH
Chattanooga Lookouts batting - Pitching for Tennessee Smokies : RHP Brandon Banks
Batting: RHB Matt Ortega 0-0: Ball
1-0: Foul Ball, location: 9LSF
1-1: Called Strike
1-2: Ground out 6-3 (Groundball, P, EV 91.3 MPH)
Batting: SHB Emanuel Sanchez 0-0: Ball
1-0: Called Strike
1-1: Swinging Strike
1-2: Ball
2-2: Strikes out swinging
Batting: SHB Michael Griffith 0-0: Fly out, F7 (Line Drive, 78D, EV 99.4 MPH)
Bottom of the 8th over - 0 runs, 0 hits, 0 errors, 0 left on base; Tennessee 3 - Chattanooga 2
TOP OF THE 9TH
Tennessee Smokies batting - Pitching for Chattanooga Lookouts : RHP Joe Housewright
Batting: RHB Josh Sanford 0-0: Called Strike
0-1: Ball
1-1: Ball
2-1: Foul Ball, location: 3FF
2-2: Strikes out swinging
Pitching: RHP Joel Jordan
Batting: SHB Jim Unknown 0-0: Ball
1-0: Called Strike
1-1: Foul Ball, location: 9LMF
1-2: Foul Ball, location: 9LSF
1-2: Strikes out swinging
Batting: LHB Danny Thompson 0-0: Ball
1-0: SINGLE (Line Drive, 56D, EV 100.0 MPH)
Batting: LHB Jim Norris 0-0: Called Strike
0-1: Called Strike
Danny Thompson steals 2nd base
0-2: Ball
1-2: Ball
2-2: Ball
3-2: Strikes out swinging
Top of the 9th over - 0 runs, 1 hit, 0 errors, 1 left on base; Tennessee 3 - Chattanooga 2
BOTTOM OF THE 9TH
Chattanooga Lookouts batting - Pitching for Tennessee Smokies : RHP Brandon Banks
Pitching: RHP Jim Unknown
Batting: LHB Fernando Torres 0-0: Ball
1-0: Ball
2-0: SINGLE (Line Drive, 78D, EV 104.4 MPH)
Batting: RHB Josh Biehl 0-0: Called Strike
0-1: SINGLE (Flyball, 8LXD, EV 111.3 MPH)
Fernando Torres to second
Runner from 2nd tries for 3rd, SAFE, no throw by CF
Batting: RHB Tony Sanchez 0-0: Swinging Strike
0-1: Foul Ball, location: 23F
0-2: Ball
1-2: Strikes out looking
Batting: LHB Bobby Felton 0-0: Ball
1-0: Foul Ball, location: 2F
1-1: Fielders Choice at home, 4-2 (Groundball, 34D, EV 103.1 MPH)
Josh Biehl to second
Batting: RHB Gene Homann 0-0: Fly out, F6 (Popup, 6, EV 59.4 MPH)
Bottom of the 9th over - 0 runs, 2 hits, 0 errors, 2 left on base; Tennessee 3 - Chattanooga 2
Monday, May 13th , 2024 - OOTP Baseball 24.11 Build 85